 Dungeon Crawl Stone Soup version 0.22-a0-252-gcace5d2 (webtiles) character file.

544 tilp the Frost Mage (level 7, -2/52 HPs)
             Began as a Merfolk Ice Elementalist on Mar 2, 2018.
             Slain by an ogre
             ... wielding a +0 giant club
              (22 damage)
             ... on level 5 of the Dungeon.
             The game lasted 00:12:03 (5108 turns).

tilp the Frost Mage (Merfolk Ice Elementalist)      Turns: 5108, Time: 00:12:03

Health: -2/52      AC: 10    Str:  8    XL:     7   Next: 27%
Magic:  5/10       EV: 13    Int: 16    God:
Gold:   149        SH:  0    Dex: 15    Spells: 4/10 levels left

rFire    . . .     SeeInvis .   F - +0 dagger (venom)
rCold    . . .     Gourm    .   (no shield)
rNeg     . . .     Faith    .   a - +0 robe
rPois    .         Spirit   .   B - +0 helmet
rElec    .         Reflect  .   d - scarf {repulsion}
rCorr    .         Harm     .   k - +0 pair of gloves
MR       .....                  (no boots)
Stlth    ++........             (no amulet)
HPRegen  0.17/turn              (no ring)
MPRegen  0.12/turn              (no ring)

@: icy armour, repel missiles, slow
A: change form in water, swift swim, stealthy swim
a: no special abilities


You were on level 5 of the Dungeon.
You were hungry.

You visited 1 branch of the dungeon, and saw 5 of its levels.

You collected 149 gold pieces.

Inventory:

Hand Weapons
 p - a +0 spear
 r - a +1 dagger of draining
 v - a +0 trident
 A - a +0 halberd
 D - a +0 hand axe of venom
 F - a +0 dagger of venom (weapon)
Missiles
 h - 131 stones
 n - 39 sling bullets
 E - 4 tomahawks (quivered)
Armour
 a - a +0 robe (worn)
 d - a scarf of repulsion (worn)
 k - a +0 pair of gloves (worn)
 B - a +0 helmet (worn)
Jewellery
 q - an uncursed ring of stealth {unknown}
 C - a +2 ring of evasion {unknown}
Scrolls
 e - a scroll of fog {unknown}
 g - 3 scrolls of teleportation {unknown}
 l - a scroll of magic mapping {unknown}
 m - a scroll of enchant armour {unknown}
 y - a scroll of remove curse {unknown}
 z - 2 scrolls of identify {unknown}
Potions
 b - 2 potions of heal wounds {unknown}
 f - a potion of cancellation {unknown}
 i - a potion of berserk rage {unknown}
 j - a potion of degeneration {unknown}
 o - 2 potions of haste {unknown}
 s - a potion of agility {unknown}
 t - a potion of flight {unknown}
 w - 2 potions of curing {unknown}
 x - a potion of invisibility {unknown}
Comestibles
 c - 7 rations


   Skills:
 + Level 3.5 Fighting
 - Level 2.6 Dodging
 - Level 2.1 Stealth
 - Level 2.0 Spellcasting
 - Level 0.7 Conjurations
 - Level 8.0 Ice Magic


You had 4 spell levels left.
You knew the following spells:

 Your Spells              Type           Power        Failure   Level  Hunger
a - Freeze                Ice            ####         1%          1    #......
b - Throw Frost           Conj/Ice       ###...       5%          2    ###....
c - Ozocubu's Armour      Chrm/Ice       ##......     12%         3    ###....


Dungeon Overview and Level Annotations

Branches:
Dungeon (5/15)
 Temple: D:4-7

Altars:
Ashenzari
Hepliaklqana
Trog


Message History

Press: ? - help, Shift-Dir - straight line, f/p - ogre
Aim: an ogre, wielding a giant club (lightly wounded)
The puff of frost hits the ogre.
The ogre is moderately wounded.
The ogre closely misses you.
You barely miss the ogre.
The ogre is moderately wounded.
The ogre hits you with a giant club!
You hit the ogre.
The ogre is poisoned.
The ogre is moderately wounded.
The ogre hits you with a giant club!!
Ouch! That really hurt!
Casting: Throw Frost (safe; 5% risk of failure)
Confirm with . or Enter, or press ? or * to list all spells.
Aiming: Freeze (safe; 1% risk of failure)
Press: ? - help, Shift-Dir - straight line, f/p - ogre
Aim: an ogre, wielding a giant club (heavily wounded, poisoned)
Okay, then.
The ogre hits you with a giant club!!
You die...

#...............#
##..#..........#
##...###..#####
##...#..##
##....%#
##..##..#
####...##..##
#....O......#
#....@.......
##...........
##..........
##.......>..
#...........
#..###....#.
##..# ##..# #...#
### ##..##


You could see an ogre.

Vanquished Creatures
  An ogre (D:4)
  A howler monkey (D:4)
  An orc priest (D:5)
  5 orc wizards
  A worker ant (D:4)
  A worker ant zombie (D:5)
  4 adders
  7 gnolls
  An adder skeleton (D:4)
  A worm (D:5)
  A dart slug (D:1)
  5 leopard geckos
  13 orcs
  3 bats
  4 giant cockroaches
  11 goblins
  8 hobgoblins
  4 jackals (D:3)
  2 quokkas
  8 frilled lizards
  11 kobolds
  4 rats
97 creatures vanquished.

Notes
Turn   | Place    | Note
-------+----------+-------------------------------------------
     0 | D:1      | tilp the Merfolk Ice Elementalist began the quest for the Orb.
     0 | D:1      | Reached XP level 1. HP: 13/13 MP: 3/3
   207 | D:1      | Reached XP level 2. HP: 17/19 MP: 1/5
   321 | D:1      | Reached skill level 4 in Ice Magic
  1047 | D:1      | Learned a level 2 spell: Throw Frost
  1143 | D:2      | Reached XP level 3. HP: 15/24 MP: 1/6
  1160 | D:2      | Learned a level 3 spell: Ozocubu's Armour
  1330 | D:2      | Found a hazy altar of Hepliaklqana.
  1900 | D:2      | Reached skill level 5 in Ice Magic
  1993 | D:3      | Found a bloodstained altar of Trog.
  2480 | D:3      | Reached XP level 4. HP: 29/30 MP: 5/7
  2688 | D:3      | Found a shattered altar of Ashenzari.
  3171 | D:4      | Reached skill level 6 in Ice Magic
  3257 | D:3      | Reached XP level 5. HP: 32/35 MP: 1/8
  3751 | D:4      | Reached skill level 7 in Ice Magic
  3827 | D:4      | Reached XP level 6. HP: 36/41 MP: 0/9
  4193 | D:5      | Entered Level 5 of the Dungeon
  4205 | D:4      | Reached skill level 8 in Ice Magic
  4402 | D:4      | Reached XP level 7. HP: 39/51 MP: 2/10
  5108 | D:5      | Slain by an ogre

Vault maps used:
D:1:      ncdulo_halloftheorcs
D:2:      lemuel_coloured_pillars_altar
D:3:      ashenzari_altar_1, bloody_trog
D:4:      first_ration, serial_bayou_ford_a

Skill      XL: |  1  2  3  4  5  6  7 |
---------------+----------------------+-----
Ice Magic      | 4 5 6 7 8 |  8.0
Fighting       | 2 3 |  3.5
Dodging        | |  2.6
Stealth        | |  2.1
Spellcasting   | |  2.0
Conjurations   | |  0.7

Action                   |  1- 3 |  4- 6 |  7- 9 || total
-------------------------+-------+-------+-------++-------
Melee: Unarmed           |     1 |       |       ||     1
       Dagger            |    27 |   101 |    65 ||   193
 Cast: Freeze            |    56 |    60 |    14 ||   130
       Ozocubu's Armour  |       |     9 |     3 ||    12
       Throw Frost       |       |     3 |     2 ||     5
 Stab: Sleeping          |     3 |     1 |       ||     4
  Eat: Chunk             |     5 |     9 |     3 ||    17
Armor: Robe              |     8 |    35 |    18 ||    61
Dodge: Dodged            |    46 |    91 |    52 ||   189
       Deflected         |     5 |     1 |       ||     6

Table legend:
 A = Spawn XP
 B = Non-spawn XP
 C = Spawn XP percentage of total XP
 D = Spawn monster count
 E = Non-spawn monster count
 F = Spawn count percentage of total count
 G = Total turns spent on level
                    A         B        C        D         E        F      G
               +---------+---------+-------+---------+---------+-------+---------
         Total |       0 |     778 |   0.0 |       0 |      97 |   0.0 |  5108
               +---------+---------+-------+---------+---------+-------+---------
           D:1 |       0 |      27 |   0.0 |       0 |      15 |   0.0 |  1071
           D:2 |       0 |      36 |   0.0 |       0 |      19 |   0.0 |  1080
           D:3 |       0 |     103 |   0.0 |       0 |      28 |   0.0 |  1120
           D:4 |       0 |     479 |   0.0 |       0 |      24 |   0.0 |  1189
           D:5 |       0 |     133 |   0.0 |       0 |      11 |   0.0 |   648
               +---------+---------+-------+---------+---------+-------+---------
